 Dungeon Crawl Stone Soup version 0.27.1-1-g398f81649c (webtiles) character file.

Game seed: 11774963743705859209

135 MisterFreud the Shield-Bearer (level 5, -11/47 HPs)
             Began as a Gnoll Fighter on Sept 6, 2021.
             Was a Believer of Qazlal.
             Killed by divine providence
             ... invoked by an orc priest
              (13 damage)
             ... on level 3 of the Dungeon.
             The game lasted 00:02:24 (2171 turns).

MisterFreud the Shield-Bearer (Gnoll Fighter)       Turns: 2171, Time: 00:02:25

Health: -11/47     AC:  9    Str: 15    XL:     5   Next: 18%
Magic:  7/7        EV:  8    Int: 14    God:    Qazlal [**....]
Gold:   113        SH: 12    Dex: 12    Spells: 6/6 levels left

rFire    . . .     SeeInvis .   i - +0 short sword (venom)
rCold    . . .     Faith    .   c - +0 kite shield
rNeg     . . .     Spirit   .   b - +0 scale mail
rPois    .         Reflect  .   l - +0 helmet
rElec    .         Harm     .   (no cloak)
rCorr    .         Rampage  .   (no gloves)
Will     .....                  (no boots)
Stlth    ..........             (no amulet)
HPRegen  0.15/turn              k - +6 ring of intelligence
MPRegen  0.10/turn              (no ring)

@: brilliant
A: fangs 1, strong nose, distributed training
a: Renounce Religion, Upheaval


You were on level 3 of the Dungeon.
You worshipped Qazlal.
Qazlal was pleased with you.
You visited 1 branch of the dungeon, and saw 3 of its levels.

You collected 113 gold pieces.

Inventory:

Hand Weapons
 a - a +0 rapier
 i - a +0 short sword of venom (weapon)
 r - a +1 short sword of venom
Missiles
 e - 17 poisoned darts (quivered)
Armour
 b - a +0 scale mail (worn)
 c - a +0 kite shield (worn)
 l - a +0 helmet (worn)
Jewellery
 k - a +6 ring of intelligence (left hand)
Wands
 q - a wand of iceblast (9)
Scrolls
 g - 3 scrolls of identify {unknown}
 h - a scroll of torment {unknown}
 m - a scroll of fear {unknown}
 n - a scroll of magic mapping {unknown}
 o - a scroll of holy word {unknown}
 p - a scroll of brand weapon {unknown}
Potions
 d - a potion of might
 j - a potion of heal wounds {unknown}


   Skills:
 + Level 6.6 Fighting
 + Level 4.7 Short Blades
 + Level 1.4 Long Blades
 + Level 1.4 Axes
 + Level 1.4 Maces & Flails
 + Level 1.4 Polearms
 + Level 1.4 Staves
 + Level 1.4 Slings
 + Level 1.4 Bows
 + Level 1.4 Crossbows
 + Level 1.4 Throwing
 + Level 6.6 Armour
 + Level 1.4 Dodging
 + Level 1.4 Stealth
 + Level 6.6 Shields
 + Level 1.4 Unarmed Combat
 + Level 1.4 Spellcasting
 + Level 1.1 Conjurations
 + Level 1.1 Hexes
 + Level 1.1 Summonings
 + Level 1.1 Necromancy
 + Level 1.1 Translocations
 + Level 1.1 Transmutations
 + Level 1.1 Fire Magic
 + Level 1.1 Ice Magic
 + Level 1.1 Air Magic
 + Level 1.1 Earth Magic
 + Level 1.1 Poison Magic
 + Level 1.5 Invocations
 + Level 1.4 Evocations


You had 6 spell levels left.
You didn't know any spells.
Your spell library contained the following spells:

 Spells                   Type           Power      Damage    Failure   Level
 Static Discharge         Conj/Air       6%         N/A       94%         2
 Ignite Poison            Fire/Tmut/Pois 6%         N/A       99%         3
 Mephitic Cloud           Conj/Pois/Air  6%         N/A       99%         3
 Summon Guardian Golem    Hex/Summ       6%         N/A       99%         3
 Bolt of Magma            Conj/Fire/Erth 3%         4d5       100%        5
 Lightning Bolt           Conj/Air       3%         1d14      100%        5
 Orb of Destruction       Conj           3%         9d1       100%        7
 Spellforged Servitor     Conj/Summ      3%         N/A       100%        7
 Maxwell's Capacitive Co  Air            3%         ∞         100%        8


Dungeon Overview and Level Annotations

Branches:
Dungeon (3/15)

Altars:
Qazlal

Shops:
D:1 [


Innate Abilities, Weirdness & Mutations

You have very sharp teeth.
Your uncanny sense of smell can sniff out nearby items.
Your experience applies equally to all skills.


Message History

The gnoll is severely wounded.
You feel sick. The gnoll hits you but does no damage.
You are more poisoned.
You hit the gnoll.
The gnoll is severely wounded.
You feel very sick. You block the gnoll's attack.
You hit the gnoll.
The gnoll is poisoned.
You bite the gnoll, but do no damage.
The gnoll is almost dead.
You feel very sick.
You hear a shout!
You kill the gnoll!
Qazlal accepts your kill.
An orc comes into view.
It is wielding a +1 hand axe of flaming.
You feel sick.
There is an open door here.
Items here: $ )) ?? †.
r - a +1 short sword of venom You feel sick.
You hear a shout! x2
A gnoll comes into view. It is wielding a +0 spear.
You are too injured to fight recklessly!
You are too injured to fight recklessly!
You are too injured to fight recklessly!
You feel sick.
An orc comes into view. It is wielding a +0 mace.
You feel sick.
The gnoll hits you from afar with a +0 spear.
* * * LOW HITPOINT WARNING * * *
You feel sick. You block the gnoll's attack.
You feel sick.
You feel sick.
An orc priest comes into view. It is wielding a +0 whip.
It was a potion of brilliance.
You feel clever all of a sudden.
You feel sick.
You are no longer poisoned.
The orc priest mumbles some strange prayers to Beogh against you.
Beogh smites you!
You die...

#.# ####### #.# ......# #.#
......##### #.########
...)......# #.#..)..o
.>†...###.#####.#....######.#
#.......#.#...#.#....#..o...#
#.......#.#...#.#.g○°#.######
+.........'...'.@o..o?.$..>..#
#..<....#.#...#.#....#...#.#.#
#.......#.#...#.#.########
#......)#.#...#.#.........
#.......#.#####.##########
#.......#.#####..
......<..........
########...###### ### #...#


You could see an orc priest, a gnoll and 2 orcs.

Vanquished Creatures
  Robin (D:2)
  4 adders
  2 gnolls (D:3)
  2 worms (D:2)
  A dart slug (D:1)
  4 endoplasms
  2 giant cockroaches
  12 goblins
  5 hobgoblins
  4 jackals (D:2)
  4 ball pythons
  3 bats
  5 frilled lizards
  6 kobolds
  3 rats
58 creatures vanquished.

Notes
Turn   | Place    | Note
-------+----------+-------------------------------------------
     0 | D:1      | MisterFreud the Gnoll Fighter began the quest for the Orb.
     0 | D:1      | Reached XP level 1. HP: 23/23 MP: 1/1
    26 | D:1      | Found Inlacrerch's Armour Boutique.
    66 | D:1      | Reached XP level 2. HP: 29/29 MP: 2/2
   573 | D:1      | Found a faded altar of an unknown god.
   582 | D:1      | Became a worshipper of Qazlal Stormbringer
   582 | D:1      | Reached * piety under Qazlal
   721 | D:2      | Reached XP level 3. HP: 23/35 MP: 3/3
   872 | D:2      | Reached skill level 1 in Invocations
  1040 | D:2      | Reached skill level 1 in Long Blades
  1040 | D:2      | Reached skill level 1 in Axes
  1040 | D:2      | Reached skill level 1 in Maces & Flails
  1040 | D:2      | Reached skill level 1 in Polearms
  1040 | D:2      | Reached skill level 1 in Staves
  1040 | D:2      | Reached skill level 1 in Slings
  1040 | D:2      | Reached skill level 1 in Bows
  1040 | D:2      | Reached skill level 1 in Crossbows
  1040 | D:2      | Reached skill level 1 in Throwing
  1040 | D:2      | Reached skill level 1 in Dodging
  1040 | D:2      | Reached skill level 1 in Stealth
  1040 | D:2      | Reached skill level 1 in Unarmed Combat
  1040 | D:2      | Reached skill level 1 in Spellcasting
  1040 | D:2      | Reached skill level 1 in Evocations
  1253 | D:2      | Reached XP level 4. HP: 41/41 MP: 5/5
  1387 | D:2      | Noticed Robin
  1421 | D:2      | Killed Robin
  1421 | D:2      | Reached ** piety under Qazlal
  1422 | D:2      | Reached skill level 1 in Conjurations
  1422 | D:2      | Reached skill level 1 in Hexes
  1422 | D:2      | Reached skill level 1 in Summonings
  1422 | D:2      | Reached skill level 1 in Necromancy
  1422 | D:2      | Reached skill level 1 in Translocations
  1422 | D:2      | Reached skill level 1 in Transmutations
  1422 | D:2      | Reached skill level 1 in Fire Magic
  1422 | D:2      | Reached skill level 1 in Ice Magic
  1422 | D:2      | Reached skill level 1 in Air Magic
  1422 | D:2      | Reached skill level 1 in Earth Magic
  1422 | D:2      | Reached skill level 1 in Poison Magic
  2122 | D:3      | Reached XP level 5. HP: 46/47 MP: 6/6
  2170 | D:3      | HP: 2/47 [poisoned by a gnoll]
  2171 | D:3      | Killed from afar by an orc priest

Illustrated notes

Levels and vault maps discovered:
D:1:      lightli_arrival_chessboard, layout_basic,
          hellmonk_ecumenical_altar_zigzags, serial_shops, shop,
          chequers_serial_rivers_room_b
D:2:      layout_basic, uniq_robin
D:3:      layout_basic, uniq_jessica

Skill      XL: |  1  2  3  4 |
---------------+-------------+-----
Invocations    | 1 |  1.5
Long Blades    | 1 |  1.4
Axes           | 1 |  1.4
Maces & Flails | 1 |  1.4
Polearms       | 1 |  1.4
Staves         | 1 |  1.4
Slings         | 1 |  1.4
Bows           | 1 |  1.4
Crossbows      | 1 |  1.4
Throwing       | 1 |  1.4
Dodging        | 1 |  1.4
Stealth        | 1 |  1.4
Unarmed Combat | 1 |  1.4
Spellcasting   | 1 |  1.4
Evocations     | 1 |  1.4
Conjurations   | 1 |  1.1
Hexes          | 1 |  1.1
Summonings     | 1 |  1.1
Necromancy     | 1 |  1.1
Translocations | 1 |  1.1
Transmutations | 1 |  1.1
Fire Magic     | 1 |  1.1
Ice Magic      | 1 |  1.1
Air Magic      | 1 |  1.1
Earth Magic    | 1 |  1.1
Poison Magic   | 1 |  1.1
Fighting       | |  6.6
Short Blades   | |  4.7
Armour         | |  6.6
Shields        | |  6.6

Action                   |  1- 3 |  4- 6 || total
-------------------------+-------+-------++-------
Melee: Rapier            |    68 |       ||    68
       Bite              |     4 |     9 ||    13
       Short sword       |    19 |    77 ||    96
  Use: Potion            |       |     1 ||     1
Armor: Scale mail        |    21 |    37 ||    58
Dodge: Dodged            |    21 |    19 ||    40
Block: Kite shield       |    35 |    54 ||    89
